 Dungeon Crawl Stone Soup version 0.28.0-43-g3370ac3207 (webtiles) character file.

Game seed: 4773111369038947978

554963 sanboga the Slayer (level 26, -9/211 HPs)
             Began as a Gargoyle Fighter on Mar 21, 2022.
             Was the Champion of Trog.
             Killed from afar by a purple draconian (35 damage)
             ... with a bolt of dispelling energy
             ... on level 2 of the Realm of Zot on Mar 22, 2022.
             The game lasted 01:49:17 (60537 turns).

sanboga the Slayer (Gargoyle Fighter)              Turns: 60537, Time: 01:49:17

Health: -9/211     AC: 65    Str: 44    XL:     26   Next: 44%
Magic:  23/23      EV:  9    Int: 18    God:    Trog [******]
Gold:   7342       SH: 34    Dex: 15    Spells: 25/25 levels left

rFire   + + +      SeeInvis .   a - +9 broad axe (vorpal)
rCold   + + +      Faith    .   D - +0 tower shield
rNeg    + . .      Spirit   .   Q - +10 gold dragon scales
rPois   ∞          Reflect  +   i - +1 helmet
rElec   +          Harm     .   y - scarf {rC+ rF+}
rCorr   +          Rampage  .   u - +0 pair of fencer's gloves {Riposte Dex+3}
Will    +....                   L - +1 pair of boots of Fashionability {rF+}
Stlth   ..........              O - amulet "Pasuj" {Reflect Str+7 SH+5}
HPRegen 0.00/turn               K - ring "Xeej" {rC+ rCorr Int+6 Dex+3 Stlth-}
MPRegen 0.18/turn               r - +6 ring of strength

@: on berserk cooldown, flying, inhibited regen, studying Maces & Flails
A: sickness immunity, AC +20, big wings, negative energy resistance 1,
electricity resistance, torment resistance 1, petrification resistance, hooves
1, large bone plates 1, clever 1, robust 1, screaming 1, inhibited regeneration
}: 3/15 runes: decaying, silver, gossamer
a: Renounce Religion, Berserk, Trog's Hand, Brothers in Arms


You were on level 2 of the Realm of Zot.
You worshipped Trog.
Trog was exalted by your worship.
You visited 11 branches of the dungeon, and saw 47 of its levels.
You visited the Abyss 3 times.
You also visited: Ossuary, Ice Cave and Desolation.

You collected 10327 gold pieces.
You spent 2985 gold pieces at shops.

Inventory:

Hand Weapons
 a - a +9 vorpal broad axe (weapon)
 b - a +5 broad axe of flaming
Armour
 i - a +1 helmet (worn)
 u - the +0 pair of fencer's gloves (worn) {Riposte Dex+3}
   (You bought it in a shop on level 10 of the Dungeon)

   It allows the wearer to riposte with melee weapons, swiftly retaliating
   against missed attacks.
   Dex:       It affects your dexterity (+3).
 y - a scarf of resistance (worn)
 D - a +0 tower shield (worn)
 L - the +1 pair of boots of Fashionability (worn) {rF+}
   (You found it on level 6 of the Lair of Beasts)

   rF:        It protects you from fire.
 Q - +10 gold dragon scales (worn)
Jewellery
 q - the amulet of Megalomania {Acrobat SInv}
   (You found it on level 4 of the Dungeon)

   [amulet of the acrobat]

   It increases your evasion while moving and waiting.
   SInv:      It lets you see invisible.
 r - a +6 ring of strength (right hand)
 K - the ring "Xeej" (left hand) {rC+ rCorr Int+6 Dex+3 Stlth-}
   (You took it off a deep elf elementalist on level 3 of the Elven Halls)

   [ring of intelligence]

   Int:       It affects your intelligence (+6).
   Dex:       It affects your dexterity (+3).
   rC:        It protects you from cold.
   rCorr:     It protects you from acid and corrosion.
   Stlth:     It makes you less stealthy.
 O - the amulet "Pasuj" (around neck) {Reflect Str+7 SH+5}
   (You found it on level 3 of the Spider Nest)

   [amulet of reflection]

   It reflects blocked missile attacks.
   Str:       It affects your strength (+7).
   SH:        It affects your SH (+5).
Wands
 d - a wand of iceblast (48)
 f - a wand of acid (25)
 l - a wand of digging (34)
 t - a wand of polymorph (30)
 F - a wand of charming (24)
 G - a wand of paralysis (22)
 H - a wand of flame (140)
Scrolls
 h - 6 scrolls of fog
 k - 4 scrolls of fear
 m - a scroll of brand weapon
 s - 3 scrolls of silence
 v - 4 scrolls of magic mapping
 z - 14 scrolls of teleportation
 A - 3 scrolls of summoning
 I - 3 scrolls of blinking
 M - a scroll of holy word
Potions
 g - 4 potions of cancellation
 j - 16 potions of curing
 o - 14 potions of haste
 p - 9 potions of ambrosia
 w - 2 potions of resistance
 x - 10 potions of might
 B - 5 potions of mutation
 C - 2 potions of invisibility
 J - 7 potions of heal wounds


   Skills:
 + Level 26.6 Fighting
 - Level 18.0 Axes
 + Level 26.6 Armour
 + Level 26.6 Shields


You had 25 spell levels left.
You didn't know any spells.
Your spell library contained the following spells:

 Spells                   Type           Power      Damage    Failure   Level
 Magic Dart               Conj           0%         1d3       58%         1
 Searing Ray              Conj           0%         2d4       75%         2
 Fulminant Prism          Conj/Hex       0%         3d6       100%        4


Dungeon Overview and Level Annotations

Branches:
Dungeon (15/15)            Temple (1/1) D:4            Lair (6/6) D:9
  Swamp (4/4) Lair:3       Spider (4/4) Lair:3        Slime (0/5) Lair:6
    Orc (2/2) D:11            Elf (3/3) Orc:2        Vaults (5/5) D:13
  Crypt (0/3) Vaults:3     Depths (4/4) D:15           Hell (visited)
    Dis (0/7) Hell            Geh (0/7) Hell            Coc (0/7) Hell
    Tar (0/7) Hell            Zot (2/5) Depths:4    Ossuary (visited)
  IceCv (visited)         Desolation (visited)

Altars:
Ashenzari
Cheibriados
Dithmenos
Elyvilon
Fedhas
Gozag
Hepliaklqana
Kikubaaqudgha
Makhleb
Nemelex Xobeh
Okawaru
Qazlal
Ru
Sif Muna
Trog
Uskayaw
Vehumet
Wu Jian
Xom
Yredelemnul
Zin
The Shining One
Beogh

Shops:
D:8 :   D:10 [   D:12 [   D:13 *   D:14 *   Orc:2 *![[[   Elf:1 *   Elf:2 (
Vaults:2 (   Depths:1 :[=:   Depths:4 (

Portals:
Hell: Lair:6 Depths:1 Depths:2 Depths:3 Depths:4
Abyss: Swamp:3 Depths:1 Depths:3 Depths:4
Pandemonium: Depths:1 Depths:2
Ziggurat: Depths:4


Innate Abilities, Weirdness & Mutations

You are immune to sickness and miasma.
Your stone body is resilient. (AC +20)
You are immune to poison.
Your large and strong wings let you fly.
You resist negative energy. (rN+)
You are resistant to electric shocks. (rElec)
You are resistant to unholy torment.
You are immune to petrification.
You have large cloven feet.
You are partially covered in large bone plates. (SH +4)
Your mind is acute. (Int +2)
You are robust. (+10% HP)
You occasionally shout uncontrollably at your foes.
You do not regenerate when monsters are visible.


Message History

You feel yourself slow down. The yellow draconian spits acid at you.
The glob of acid reflects off an invisible shield around you!
The glob of acid hits the yellow draconian!
A black draconian knight comes into view.
It is wielding a +0 great mace.
A green draconian monk comes into view.
The green draconian monk roars!
You hear a roar!
The black draconian knight gestures wildly while chanting.
The black draconian knight seems to speed up.
A purple draconian shifter comes into view.
It is wielding a +0 long sword.
The yellow draconian spits acid at you.
The glob of acid hits you but does no damage.
The black draconian knight mumbles some strange words.
The black draconian knight flickers and vanishes!
Deactivating autopickup; reactivate with Ctrl-A.
You slice the yellow draconian!!
The yellow draconian is heavily wounded.
A bolt of lightning appears from out of thin air!
The bolt of lightning hits you! You resist.
* * * LOW HITPOINT WARNING * * *
A purple draconian comes into view. It is wielding a +4 hand axe.
The yellow draconian hits you but does no damage.
The purple draconian shifter gestures at you while chanting.
The purple draconian blinks!
The green draconian monk blinks!
As you read the scroll of fear, it crumbles to dust.
You assume a fearsome visage.
The purple draconian resists with almost no effort.
The green draconian monk looks frightened!
The yellow draconian looks frightened!
The purple draconian shifter resists with almost no effort.
The purple draconian breathes dispelling energy at you.
The bolt of dispelling energy hits you!
Your magical effects are unravelling.
* * * LOW HITPOINT WARNING * * *
You block the purple draconian's attack.
You feel yourself speed up. Something hits you but does no damage.
The purple draconian breathes dispelling energy at you.
The bolt of dispelling energy hits you!!
You die...

##......................
##.......................
##........................
##....(.....######.......#
##...........## #.......#
##.............#####)).....##
##....................).......
##(..................))))......
#...............@...d...)......
................q{d............
.........##.>..q##########.....
........###....## .....
.......###....# .... ^.....##
..... ... .....### .... ...
........ .... ....?...


You could see a green draconian monk (fleeing), a yellow draconian (fleeing), a
purple draconian (catching breath) and a purple draconian shifter.

Vanquished Creatures
  2 dread liches (Depths:4)
  2 ancient liches (Depths:3)
  Bai Suzhen (Vaults:4)
  Geryon (Hell)
  A curse toe (Zot:2)
  2 caustic shrikes (Depths:3)
  6 golden dragons
  Nikola (Spider:1)
  A bone dragon (Depths:4)
  4 tentacled monstrosities
  Jorgrun (Orc:1)
  2 liches
  3 deep elf blademasters
  Asterion (Spider:2)
  11 titans
  A walking frostbound tome (Depths:4)
  A tentacled starspawn (Abyss:2)
  2 death cobs
  2 deep elf master archers (Elf:3)
  8 sphinxes
  A thorn hunter (Swamp:4)
  An Executioner (Swamp:3)
  9 shadow dragons
  A revenant (Vaults:3)
  10 storm dragons
  2 draconian monks
  The ghost of GilGalad the Warrior, an adept DsGl of Ru (Swamp:3)
  8 tengu reavers
  6 frost giants
  A draconian knight (Zot:1)
  6 deep elf sorcerers
  Roxanne (Spider:4)
  14 vault wardens
  2 orc warlords (Vaults:3)
  12 fire giants
  2 iron dragons
  Aizul (Vaults:4)
  5 emperor scorpions
  4 imperial myrmidons (Desolation)
  Louise (D:13)
  A balrug (Abyss:3)
  2 deep elf elementalists (Elf:3)
  5 ghost moths
  4 draconian stormcallers
  2 draconian scorchers (Zot:2)
  2 angels (Vaults:1)
  A broodmother (Spider:3)
  2 spriggan defenders
  19 ironbound preservers
  17 stone giants
  5 reapers
  32 very ugly things
  4 war gargoyles
  15 ironbound thunderhulks
  9 deep elf demonologists
  4 vampire knights
  2 green draconians
  A halazid warlock (Desolation)
  6 deep elf annihilators
  8 eleionomae
  3 bunyips
  6 red draconians
  7 black draconians
  29 dire elephants
  2 yellow draconians
  5 purple draconians
  4 spark wasps
  10 white draconians
  The ghost of issech the Basher, a journeyman TrMo of Hepliaklqana (D:13)
  13 entropy weavers
  8 blizzard demons
  The ghost of BraveToast the Basher, a journeyman FoFi of Qazlal (D:12)
  A green death (Hell)
  2 crystal guardians
  14 fire dragons
  A merfolk impaler (Depths:2)
  9 deep elf death magi
  2 iron golems
  7 ettins
  Josephine (Orc:1)
  18 yaktaur captains
  7 servants of whispers (Desolation)
  A great orb of eyes (shapeshifter) (Depths:4)
  28 vault guards
  22 hydras
  5 ragged hierophants (Desolation)
  4 rakshasas
  A spriggan zombie (Depths:2)
  6 boulder beetles
  2 ogre magi
  A caustic shrike simulacrum (Depths:2)
  5 spriggan air magi
  10 ice dragons
  10 great orbs of eyes
  Harold (D:7)
  9 peacekeepers
  2 ghost crabs
  17 centaur warriors
  5 ironbound frosthearts
  A jorogumo (Spider:4)
  10 two-headed ogres
  A catoblepas (Lair:6)
  33 dancing weapons
  2 hell hogs (Abyss:2)
  13 alligators
  7 tengu warriors
  3 deep troll earth magi
  A death knight (D:13)
  4 vampire magi
  The ghost of pkoi the Summoner, a journeyman DESu of Sif Muna (Lair:3)
  4 orc high priests
  9 death yaks
  7 death scarabs (Spider:4)
  17 spriggans
  7 sun demons
  7 spriggan berserkers
  2 soul eaters (Hell)
  2 fire crabs (Swamp:4)
  19 deep elf knights
  35 hell knights
  2 crystal echidnas
  A storm dragon skeleton (Depths:2)
  A sun moth (Spider:2)
  10 pharaoh ants
  A skeletal warrior (D:11)
  3 iron trolls (Hell)
  2 sixfirhies
  A shadow wraith (Vaults:5)
  3 goliath frogs
  An anaconda zombie (Abyss:3)
  4 flayed ghosts
  5 spriggan druids
  3 glowing orange brains
  35 deep trolls
  3 orb spiders
  12 swamp dragons
  A glowing orange brain (shapeshifter) (Depths:3)
  5 spectral wolf spiders (Spider:4)
  9 lindwurms
  8 steelbarb worms
  5 bog bodies
  7 phantasmal warriors
  9 wizards
  2 harpies
  20 necromancers
  27 ironbound convokers
  A golden dragon skeleton (Depths:2)
  11 orc knights
  25 deep elf zephyrmancers
  8 deep elf archers
  An iron dragon zombie (Depths:2)
  15 wolf spiders
  2 mana vipers (shapeshifter) (Vaults:5)
  30 deep elf pyromancers
  2 orc sorcerers
  3 wolf spider zombies
  23 ugly things
  Maurice (D:8)
  2 worldbinders (Swamp:3)
  9 cyclopes
  5 will-o-the-wisps
  9 moths of wrath
  3 elephants
  A black mamba (shapeshifter) (D:13)
  An apocalypse crab (Abyss:2)
  An ice statue (IceCv)
  2 manticores
  6 black mambas
  2 guardian serpents (Desolation)
  3 rust devils
  2 smoke demons
  A gargoyle (D:12)
  A molten gargoyle (Desolation)
  16 vault sentinels
  7 torpor snails
  5 orange demons
  2 unseen horrors (shapeshifter)
  17 cane toads
  Maggie (D:7)
  7 rime drakes
  7 demonic crawlers
  An unseen horror (D:9)
  A hellion (Swamp:3)
  3 anaconda simulacra (IceCv)
  12 komodo dragons
  A kobold demonologist (Depths:1)
  5 spectral redbacks (Spider:4)
  5 tengu conjurers
  42 yaktaurs
  A bunyip simulacrum (Hell)
  A komodo dragon (shapeshifter) (Vaults:5)
  2 hellwings
  11 ice devils
  4 freezing wraiths
  A queen bee (shapeshifter) (Vaults:4)
  2 red devils
  6 large abominations
  An ancient zyme (Abyss:3)
  2 queen bees
  10 tyrant leeches
  A troll (shapeshifter) (D:15)
  The ghost of safid the Cleaver, an amateur HOFi (D:4)
  23 meliai
  3 polar bears
  15 blink frogs
  22 tarantellas
  3 bloated husks
  6 trolls
  A spectral tarantella (Spider:4)
  A hornet (shapeshifter) (D:14)
  Prince Ribbit (D:8)
  3 wolf spider simulacra
  A spectral meliai (D:12)
  7 raiju
  A blink frog (shapeshifter) (D:15)
  A jumping spider zombie (Spider:4)
  30 hornets
  A spectral jumping spider (Spider:4)
  49 saltlings (Desolation)
  A harpy skeleton (Abyss:2)
  A tarantella zombie (Spider:4)
  44 slime creatures
  A small abomination (Abyss:2)
  5 dream sheep
  A dream sheep (shapeshifter) (Vaults:4)
  6 culicivoras
  4 flying skulls (D:11)
  21 jumping spiders
  12 wraiths
  5 shadows
  3 centaur simulacra
  11 water elementals
  3 air elementals
  3 vampires
  10 wyverns
  3 starcursed masses (Abyss:2)
  5 ynoxinuls
  55 yaks
  3 fire elementals
  A dire elephant simulacrum (IceCv)
  8 basilisks
  4 death yak simulacra (IceCv)
  A redback simulacrum (D:12)
  6 steam dragons
  9 vampire mosquitoes
  47 redbacks
  3 chaos spawn
  A neqoxec (Depths:1)
  A redback (shapeshifter) (Depths:3)
  12 swamp worms
  2 acid dragons
  2 wargs
  A harpy simulacrum (IceCv)
  24 water moccasins
  A floating eye (Depths:2)
  8 hell hounds
  A spectral hornet (D:12)
  9 swamp drakes
  30 orc warriors
  An ice beast (Abyss:2)
  5 black bears
  A necrophage (D:5)
  10 ogres
  12 centaurs
  7 wolves
  11 bullfrogs
  9 kobold brigands
  6 two-headed ogre simulacra (IceCv)
  3 gnoll sergeants
  2 cane toad simulacra (IceCv)
  A scorpion (D:4)
  A wyvern skeleton (D:5)
  2 elephant simulacra (IceCv)
  32 killer bees
  16 wights
  3 howler monkeys
  A vampire bat (D:3)
  2 electric eels (Lair:5)
  9 centaur zombies
  2 hounds
  4 jellies
  26 orc priests
  11 centaur skeletons
  36 orc wizards
  12 hell rats
  4 iguanas
  A scorpion zombie (D:4)
  A spriggan simulacrum (IceCv)
  A polar bear simulacrum (IceCv)
  6 troll simulacra (IceCv)
  2 wolf simulacra (IceCv)
  A hound skeleton (D:4)
  8 mummies (Ossuary)
  7 gnolls
  3 howler monkey skeletons
  7 naga simulacra (IceCv)
  7 adders
  10 river rats (D:10)
  2 shadow imps
  23 white imps
  9 ufetubi
  An adder zombie (D:2)
  3 adder skeletons
  4 worms (D:11)
  4 dart slugs
  3 fire bats (D:3)
  49 orcs
  2 spectral bats (D:3)
  3 bat skeletons (D:3)
  A bat zombie (D:3)
  13 endoplasms
  2 giant cockroaches
  3 goblins
  4 hobgoblins
  10 kobolds
  5 quokkas
  8 ball pythons
  15 bats
  A bat simulacrum (D:3)
  A frilled lizard (D:3)
  3 gnoll zombies (Ossuary)
  3 hobgoblin zombies (Ossuary)
  2 orc zombies (Ossuary)
  A quokka skeleton (D:2)
  18 rats
  A bush (D:9)
  3 fire vortices (Hell)
  2 starspawn tentacles (Abyss:2)
2290 creatures vanquished.

Vanquished Creatures (others)
  Nessos (Lair:4)
  An alligator (Swamp:4)
  A vampire mage (Depths:4)
  A pharaoh ant (Spider:1)
  A deep elf zephyrmancer (Elf:3)
  A deep elf pyromancer (D:14)
  A will-o-the-wisp (Swamp:1)
  2 bloated husks
  A blink frog (Lair:6)
  A tyrant leech (Swamp:4)
  2 dream sheep (Lair:6)
  A yak (Lair:6)
  A steam dragon (Swamp:4)
  A small abomination (Abyss:3)
  An orc warrior (Vaults:5)
  A swamp drake (Swamp:4)
  A gnoll sergeant (D:11)
  30 foxfires
  34 fungi
  71 plants
  2 starspawn tentacles (Abyss:2)
156 creatures vanquished.

Grand Total: 2446 creatures vanquished

Notes
Turn   | Place    | Note
-------+----------+-------------------------------------------
     0 | D:1      | sanboga the Gargoyle Fighter began the quest for the Orb.
     0 | D:1      | Reached XP level 1. HP: 14/14 MP: 1/1
    65 | D:1      | Reached XP level 2. HP: 18/19 MP: 2/2
   707 | D:1      | Found a faded altar of an unknown god.
   829 | D:1      | Reached XP level 3. HP: 23/23 MP: 3/3
  1255 | D:2      | Found a basalt altar of Yredelemnul.
  1842 | D:2      | Reached XP level 4. HP: 14/29 MP: 4/4
  2610 | D:3      | Reached XP level 5. HP: 30/33 MP: 5/5
  2770 | D:3      | Reached XP level 6. HP: 34/38 MP: 6/6
  3326 | D:4      | Noticed a black bear
  3336 | D:4      | Killed a black bear
  3595 | D:4      | Found a runed translucent door.
  3595 | D:4      | Noticed safid's ghost (amateur HOFi)
  3621 | D:4      | Reached XP level 7. HP: 32/44 MP: 7/7
  3834 | D:4      | Killed safid's ghost
  3835 | D:4      | Reached skill level 5 in Fighting
  3835 | D:4      | Reached skill level 5 in Axes
  3835 | D:4      | Reached skill level 5 in Armour
  3835 | D:4      | Reached skill level 5 in Shields
  3849 | D:4      | Identified the amulet of Megalomania {Acrobat SInv}
  4078 | D:4      | Found a staircase to the Ecumenical Temple.
  4084 | Temple   | Entered the Ecumenical Temple
  4092 | Temple   | Became a worshipper of Trog the Wrathful
  4141 | D:5      | Entered Level 5 of the Dungeon
  4220 | D:5      | Reached XP level 8. HP: 49/49 MP: 8/8
  5200 | D:6      | Found a burning altar of Makhleb.
  5205 | D:6      | Found an ancient bone altar of Kikubaaqudgha.
  6108 | D:7      | Noticed a wyvern
  6129 | D:7      | Killed a wyvern
  6130 | D:7      | Reached XP level 9. HP: 32/56 MP: 9/9
  6449 | D:7      | Reached * piety under Trog
  6732 | D:7      | Noticed Harold
  6760 | D:7      | Gained mutation: Armour fits poorly on your strangely
                  | shaped body. [potion of mutation]
  6760 | D:7      | Gained mutation: Your body sometimes deteriorates upon
                  | taking damage. [potion of mutation]
  6760 | D:7      | Gained mutation: Your muscles are strong. (Str +2) [potion
                  | of mutation]
  6771 | D:7      | Killed Harold
  6847 | D:7      | Found a sparkling altar of Nemelex Xobeh.
  7139 | D:8      | Noticed Maggie
  7177 | D:7      | Killed Maggie
  7178 | D:7      | Reached XP level 10. HP: 59/63 MP: 10/10
  7240 | D:8      | Noticed Prince Ribbit
  7254 | D:8      | Identified the +2 robe of Zuolof {-Cast rPois SInv Stlth-}
  7258 | D:8      | Found Vajul's Book Shop.
  7264 | D:8      | Noticed Maurice
  7270 | D:8      | Paralysed by something for 2 turns
  7325 | D:8      | Found a sand-covered staircase.
  7334 | Ossuary  | Entered an ossuary
  7413 | Ossuary  | Reached ** piety under Trog
  7750 | D:8      | Paralysed by Maurice for 6 turns
  7767 | D:8      | Killed Prince Ribbit
  7824 | D:8      | Killed Maurice
  8589 | D:8      | Reached *** piety under Trog
  8867 | D:9      | Found a staircase to the Lair.
  8876 | D:9      | Killed an unseen horror
  8923 | D:9      | Reached XP level 11. HP: 49/69 MP: 11/11
  9211 | D:9      | Noticed a two-headed ogre
  9223 | D:9      | Killed a two-headed ogre
  9224 | D:9      | Reached skill level 10 in Axes
  9898 | D:10     | Entered Level 10 of the Dungeon
  9908 | D:10     | Noticed a manticore
  9919 | D:10     | Killed a manticore
 10035 | D:10     | Found Cuuvedel's Antique Armour Shop.
 10144 | D:10     | Found a broken altar of Ashenzari.
 10616 | D:10     | Reached **** piety under Trog
 11101 | D:11     | Found a staircase to the Orcish Mines.
 11512 | D:11     | Reached XP level 12. HP: 9/77 MP: 12/12
 11512 | D:11     | HP: 5/115 [hornet (4)]
 11513 | D:11     | Reached skill level 10 in Fighting
 11514 | D:11     | Reached skill level 10 in Armour
 11514 | D:11     | Reached skill level 10 in Shields
 11584 | D:11     | Noticed a two-headed ogre
 11591 | D:11     | a two-headed ogre changed into a harpy
 12069 | D:11     | Noticed a centaur warrior
 12108 | D:11     | Killed a centaur warrior
 12481 | D:11     | Reached ***** piety under Trog
 12508 | D:11     | HP: 3/79 [centaur warrior skeleton (5)]
 13188 | D:12     | Reached XP level 13. HP: 73/84 MP: 13/13
 13258 | D:12     | Found Cuuz's Armour Boutique.
 13475 | D:12     | Found a runed translucent gate.
 13476 | D:12     | Found a runed translucent gate.
 13477 | D:12     | Found a runed translucent gate.
 13480 | D:12     | Noticed BraveToast's ghost (journeyman FoFi)
 13502 | D:12     | Killed BraveToast's ghost
 13715 | D:12     | Identified the +4 glaive "Umaolieroo" {freeze, rCorr}
 14449 | D:13     | Found a gate to the Vaults.
 14677 | D:13     | Found Fidghuin's Neck Hole.
 14680 | D:13     | Bought a scarf of resistance for 448 gold pieces
 15780 | D:13     | Gained mutation: Your large and strong wings let you fly.
                  | [Gargoyle growth]
 15780 | D:13     | Reached XP level 14. HP: 92/92 MP: 14/14
 15886 | D:13     | Noticed issech's ghost (journeyman TrMo)
 15945 | D:13     | Found a transporter.
 15950 | D:13     | Found a transporter.
 16795 | D:13     | Found the +3 sling "Punk" {acid, rCorr}
 17239 | D:13     | Killed issech's ghost
 17596 | D:14     | Lost mutation: Your muscles are strong. (Str +2) [potion of
                  | mutation]
 17596 | D:14     | Lost mutation: Your body sometimes deteriorates upon taking
                  | damage. [potion of mutation]
 17596 | D:14     | Lost mutation: Armour fits poorly on your strangely shaped
                  | body. [potion of mutation]
 17596 | D:14     | Gained mutation: You have large cloven feet. [potion of
                  | mutation]
 17596 | D:14     | Gained mutation: You are partially covered in large bone
                  | plates. (SH +4) [potion of mutation]
 17596 | D:14     | Gained mutation: Your mind is acute. (Int +2) [potion of
                  | mutation]
 17596 | D:14     | Gained mutation: You are robust. (+10% HP) [potion of
                  | mutation]
 17681 | D:14     | Noticed Louise
 17751 | D:13     | Cast into level 2 of the Abyss (Louise)
 17754 | D:13     | Escaped the Abyss
 17772 | D:13     | Killed Louise
 18499 | D:14     | Found Weeroido's Assorted Antiques.
 18567 | D:14     | Identified the +4 war axe of Peril {vorpal, Dex+2} (Trog
                  | gifted it to you on level 14 of the Dungeon)
 18567 | D:14     | Received a gift from Trog
 18827 | D:14     | Bought a twisted jade ring for 150 gold pieces
 18827 | D:14     | Bought a scroll of identify for 60 gold pieces
 18827 | D:14     | Bought a marble ring for 150 gold pieces
 18974 | D:15     | Entered Level 15 of the Dungeon
 19029 | D:15     | Reached skill level 15 in Axes
 19540 | D:15     | Found a staircase to the Depths.
 19650 | D:15     | Reached XP level 15. HP: 108/108 MP: 15/15
 19882 | D:15     | Found a white marble altar of Elyvilon.
 19883 | D:15     | Found a glowing golden altar of the Shining One.
 19884 | D:15     | Found a glowing silver altar of Zin.
 20373 | Lair:1   | Entered Level 1 of the Lair of Beasts
 20418 | Lair:1   | Identified the +8 chain mail of Ylaixzy {+Inv Regen+ Str+2
                  | Dex+4}
 20762 | Lair:1   | Identified the +6 quarterstaff "Vaorch" {vorpal, rElec rC+
                  | Int-4} (Trog gifted it to you on level 1 of the Lair of
                  | Beasts)
 20762 | Lair:1   | Received a gift from Trog
 21338 | Lair:2   | You are sucked into a shaft and drop 2 floors!
 21481 | Lair:3   | Found a runed translucent door.
 21495 | Lair:3   | Noticed pkoi's ghost (journeyman DESu)
 21732 | Lair:3   | Killed pkoi's ghost
 21771 | Lair:3   | Found a hole to the Spider Nest.
 22002 | Lair:3   | Found a runed translucent door.
 22030 | Lair:3   | Found a staircase to the Swamp.
 22608 | Lair:4   | Noticed Nessos
 22616 | Lair:4   | Killed Nessos
 23510 | Lair:4   | Received a gift from Trog
 23657 | Lair:4   | Reached XP level 16. HP: 116/116 MP: 16/16
 23921 | Lair:5   | Found a frozen archway.
 23931 | IceCv    | Entered an ice cave
 24154 | IceCv    | Reached ****** piety under Trog
 24233 | IceCv    | Received a gift from Trog
 24522 | Lair:5   | Identified a scroll of acquirement
 24533 | Lair:5   | Acquired 682 gold pieces
 25857 | Lair:6   | Entered Level 6 of the Lair of Beasts
 25872 | Lair:6   | Received a gift from Trog
 25888 | Lair:6   | Identified the +1 pair of boots of Fashionability {rF+}
 25970 | Lair:6   | Found a staircase to the Slime Pits.
 26549 | Lair:6   | Reached skill level 15 in Shields
 26634 | Lair:6   | Reached skill level 15 in Fighting
 26659 | Lair:6   | Reached skill level 15 in Armour
 26689 | Lair:6   | Found a burning altar of Makhleb.
 26728 | Lair:6   | Found a gateway to Hell.
 27257 | D:10     | Bought the +0 pair of fencer's gloves {Riposte Dex+3} for
                  | 1000 gold pieces
 27257 | D:10     | Found the +0 pair of fencer's gloves {Riposte Dex+3}
 27324 | Orc:1    | Entered Level 1 of the Orcish Mines
 27369 | Orc:1    | Noticed Jorgrun
 27384 | Orc:1    | Killed Jorgrun
 27792 | Orc:2    | Entered Level 2 of the Orcish Mines
 27792 | Orc:2    | Noticed Josephine
 27800 | Orc:2    | Received a gift from Trog
 27803 | Orc:1    | Killed Josephine
 27904 | Orc:2    | Found a staircase to the Elven Halls.
 28118 | Orc:2    | Reached XP level 17. HP: 109/124 MP: 17/17
 28291 | Orc:2    | Found Xyapunurch's Antique Armour Shop.
 28291 | Orc:2    | Found Ixtimid's Armour Shop.
 28294 | Orc:2    | Found Oraod's Assorted Antiques.
 28296 | Orc:2    | Paralysed by an orc sorcerer for 6 turns
 28311 | Orc:2    | Found Leraol's Distillery.
 28314 | Orc:2    | Bought a +1 helmet for 172 gold pieces
 28321 | Orc:2    | Bought a scroll of brand weapon for 580 gold pieces
 28321 | Orc:2    | Bought a scroll of enchant armour for 217 gold pieces
 28370 | Orc:2    | Bought a potion of invisibility for 104 gold pieces
 28370 | Orc:2    | Bought 2 potions of might for 104 gold pieces
 28517 | Orc:2    | Found Koaklas's Armour Emporium.
 28779 | Swamp:1  | Entered Level 1 of the Swamp
 29167 | Swamp:1  | Acquired 478 gold pieces
 29383 | Swamp:2  | Received a gift from Trog
 30145 | Swamp:3  | Noticed GilGalad's ghost (adept DsGl)
 30146 | Swamp:3  | Noticed an Executioner
 30165 | Swamp:3  | Found a transporter.
 30172 | Swamp:3  | Found a one-way gate to the infinite horrors of the Abyss.
 30185 | Swamp:3  | Found a transporter.
 30553 | Swamp:3  | Received a gift from Trog
 30558 | Swamp:3  | Identified the +1 hat of Lynyjef {Harm rC- Stlth+}
 30764 | Swamp:3  | Killed GilGalad's ghost
 30827 | Swamp:3  | Killed an Executioner
 30924 | Swamp:4  | Entered Level 4 of the Swamp
 31220 | Swamp:4  | Reached XP level 18. HP: 134/134 MP: 18/18
 31386 | Swamp:4  | Received a gift from Trog
 31501 | Swamp:4  | Got a decaying rune of Zot
 31874 | Spider:1 | Entered Level 1 of the Spider Nest
 32655 | Spider:1 | Noticed Nikola
 32659 | Spider:1 | Received a gift from Trog
 32673 | Spider:1 | Killed Nikola
 33505 | Spider:2 | Noticed Asterion
 33512 | Spider:2 | Gained mutation: You do not regenerate when monsters are
                  | visible. [a cacodemon]
 33522 | Spider:2 | Killed Asterion
 33637 | Spider:2 | You are sucked into a shaft and drop 1 floor!
 33673 | Spider:3 | Identified the amulet "Pasuj" {Reflect Str+7 SH+5}
 34165 | Spider:3 | Received a gift from Trog
 34338 | Spider:3 | Found the +7 Spriggan's Knife {stab, EV+4 Stlth+}
 35015 | Spider:4 | Entered Level 4 of the Spider Nest
 35091 | Spider:4 | Reached XP level 19. HP: 143/143 MP: 19/19
 35184 | Spider:4 | Identified Roxanne's Almanac of Clay
 35184 | Spider:4 | Noticed Roxanne
 35204 | Spider:4 | Killed Roxanne
 35513 | Spider:4 | Received a gift from Trog
 36373 | Spider:4 | Got a gossamer rune of Zot
 36562 | Lair:3   | Identified the +0 leather armour of Youthful Indiscretion
                  | {rElec rN+}
 36708 | Vaults:1 | Entered Level 1 of the Vaults
 36805 | Vaults:1 | Found a crumbling gateway.
 36807 | Vaults:1 | Found a glowing golden altar of the Shining One.
 36807 | Vaults:1 | Found a white marble altar of Elyvilon.
 36808 | Vaults:1 | Found a glowing silver altar of Zin.
 36832 | Desolati | Entered the Desolation of Salt
 37008 | Desolati | Received a gift from Trog
 37216 | Desolati | Reached XP level 20. HP: 103/152 MP: 20/20
 37216 | Desolati | Identified the ring "Alomeith" {AC+4 Dex+2}
 37220 | Desolati | Identified the amulet "Pacheulu" {Spirit Harm rF- MP+9
                  | Int+2}
 37228 | Desolati | Identified the amulet of the Cicada {Faith -Tele Fly
                  | Slay+5}
 37593 | Desolati | Identified the ring "Taoss" {Ice rCorr}
 37595 | Desolati | Identified the ring of Lucidity {rElec rF- Str+9 Slay+5
                  | SInv}
 37645 | Desolati | Received a gift from Trog
 38295 | Depths:1 | Entered Level 1 of the Depths
 38808 | Vaults:1 | Received a gift from Trog
 39754 | Vaults:2 | Received a gift from Trog
 39875 | Vaults:2 | Reached XP level 21. HP: 148/161 MP: 21/21
 39904 | Vaults:2 | Found Zethu's Weapon Boutique.
 40826 | Vaults:3 | Received a gift from Trog
 41439 | Vaults:3 | Received a gift from Trog
 41529 | Vaults:3 | Found a staircase to the Crypt.
 42670 | Vaults:4 | Noticed Aizul
 42679 | Vaults:4 | Killed Aizul
 42997 | Vaults:4 | Reached XP level 22. HP: 165/171 MP: 22/22
 43060 | Vaults:4 | Noticed Bai Suzhen
 43072 | Vaults:4 | Killed Bai Suzhen
 43442 | Vaults:4 | Found the +8 storm bow {elec, penet}
 43723 | Vaults:5 | Entered Level 5 of the Vaults
 43752 | Vaults:5 | Received a gift from Trog
 43964 | Vaults:5 | Noticed a golden dragon
 43971 | Vaults:5 | Killed a golden dragon
 44131 | Vaults:5 | Received a gift from Trog
 44136 | Vaults:5 | Noticed a golden dragon
 44148 | Vaults:5 | Killed a golden dragon
 44405 | Vaults:4 | Reached XP level 23. HP: 75/180 MP: 23/23
 44669 | Vaults:5 | Gained mutation: You occasionally shout uncontrollably at
                  | your foes. [a shining eye]
 44677 | Vaults:5 | Received a gift from Trog
 45181 | Vaults:5 | Identified the +8 longbow of Syangat {flame, rElec}
 45299 | Vaults:5 | Identified the ring of Truth {rF++ Will- EV+4 Int+2 SInv}
 45302 | Vaults:5 | Identified the +8 spear of Lolaeq {protect, Str+4 Dex+4}
 45304 | Vaults:5 | Got a silver rune of Zot
 45308 | Vaults:5 | Identified the +8 scale mail of the Thirteen Wars {Will-
                  | Int+6 Stlth+}
 45350 | Vaults:5 | Found the amulet of the Air {Inacc Air Fly rElec RMsl}
 46346 | Depths:1 | Identified the ring "Bolim" {rElec rF+ Will+ Dex+6}
 46451 | Depths:1 | Found Luomoh's Antique Armour Shop.
 46891 | Depths:1 | Found Mofingosm's Book Shop.
 46894 | Depths:1 | Found Edwodut's Jewellery Shoppe.
 46895 | Depths:1 | Paralysed by a great orb of eyes for 3 turns
 46903 | Depths:1 | Found Qeosuoz's Book Shop.
 46986 | Depths:1 | Found a one-way gate leading to the halls of Pandemonium.
 47448 | Depths:2 | Paralysed by a floating eye for 3 turns
 47454 | Depths:2 | Received a gift from Trog
 47822 | Depths:2 | Found a burning altar of Makhleb.
 47860 | Depths:2 | Found a glowing golden altar of the Shining One.
 48903 | Depths:2 | Received a gift from Trog
 49368 | Depths:3 | Cast into level 2 of the Abyss (a wizard)
 49373 | Abyss:2  | Found a corrupted altar of Lugonu.
 49752 | Depths:3 | Escaped the Abyss
 49752 | Depths:3 | Noticed a caustic shrike
 49753 | Depths:3 | Noticed a caustic shrike
 49762 | Depths:3 | Killed a caustic shrike
 49762 | Depths:3 | Killed a caustic shrike
 49814 | Depths:3 | Reached XP level 24. HP: 189/189 MP: 23/23
 50178 | Depths:3 | Noticed an ancient lich
 50193 | Depths:3 | Killed an ancient lich
 50510 | Depths:3 | Received a gift from Trog
 50536 | Depths:3 | Noticed an ancient lich
 50544 | Depths:3 | Identified the +3 rapier "Leviticus" {holy, *Corrode rPois
                  | rC+ Str+6}
 50555 | Depths:3 | Killed an ancient lich
 51315 | Depths:4 | Entered Level 4 of the Depths
 51380 | Depths:4 | Received a gift from Trog
 51551 | Depths:4 | Found a gate to the Realm of Zot.
 51893 | Depths:4 | Found a hide-covered altar of Uskayaw.
 51893 | Depths:4 | Found Tausiole's Weapon Shoppe.
 51953 | Depths:4 | Found a white marble altar of Elyvilon.
 51955 | Depths:4 | Found a shimmering altar of Xom.
 51955 | Depths:4 | Found a basalt altar of Yredelemnul.
 51957 | Depths:4 | Found a shimmering blue altar of Sif Muna.
 51957 | Depths:4 | Found a hazy altar of Hepliaklqana.
 51957 | Depths:4 | Found a shimmering altar of Xom.
 52291 | Depths:4 | Noticed a dread lich
 52298 | Depths:4 | Found a runed translucent door.
 52322 | Depths:4 | Noticed a dread lich
 52323 | Depths:4 | Found a one-way gateway to a ziggurat.
 52328 | Depths:4 | Paralysed by a dread lich for 6 turns
 52343 | Depths:4 | Killed a dread lich
 52714 | Depths:4 | Paralysed by a dread lich for 4 turns
 52723 | Depths:4 | Killed a dread lich
 52724 | Depths:4 | Reached XP level 25. HP: 199/199 MP: 23/23
 52768 | Depths:4 | Identified the amulet of Temptation {RegenMP Fly rCorr
                  | Str+3 Dex-5}
 53083 | Elf:1    | Entered Level 1 of the Elven Halls
 53108 | Elf:1    | Received a gift from Trog
 53422 | Elf:1    | Paralysed by an air elemental for 1 turns
 53513 | Elf:1    | Found Guguhi's Assorted Antiques.
 53840 | Elf:2    | Found Meduleor's Antique Weapon Emporium.
 53930 | Elf:2    | Paralysed by an air elemental for 1 turns
 53963 | Elf:2    | Received a gift from Trog
 53992 | Elf:2    | Found a runed translucent gate.
 53993 | Elf:2    | Found a runed translucent gate.
 53993 | Elf:2    | Found a runed translucent gate.
 54540 | Elf:3    | Entered Level 3 of the Elven Halls
 54574 | Elf:3    | Received a gift from Trog
 55629 | Elf:3    | Found a shimmering blue altar of Sif Muna.
 55807 | Elf:3    | Paralysed by an air elemental for 1 turns
 55814 | Elf:3    | Identified the ring of Happiness {Str+7 Dex+6}
 55884 | Elf:3    | Identified the ring of Vatsio {rPois rF+ EV+4 Int+4}
 55894 | Elf:3    | Cast into level 2 of the Abyss (a deep elf sorcerer)
 56068 | Elf:3    | Escaped the Abyss
 56074 | Elf:3    | Received a gift from Trog
 56078 | Elf:3    | Identified the ring "Xeej" {rC+ rCorr Int+6 Dex+3 Stlth-}
 56712 | Hell     | Entered the Vestibule of Hell
 56712 | Hell     | Noticed Geryon
 56970 | Hell     | Identified the +4 war axe "Makeshry" {antimagic, rN++ SInv}
                  | (Trog gifted it to you in the Vestibule of Hell)
 56970 | Hell     | Received a gift from Trog
 57332 | Hell     | Reached XP level 26. HP: 148/209 MP: 23/23
 57790 | Hell     | Killed Geryon
 58126 | Hell     | Found a gateway to the decaying netherworld of Tartarus.
 58232 | Hell     | Found a gateway to the Iron City of Dis.
 58269 | Hell     | Found a gateway to the freezing wastes of Cocytus.
 58405 | Hell     | Found a gateway to the ashen valley of Gehenna.
 59067 | Zot:1    | Entered Level 1 of the Realm of Zot
 59409 | Zot:1    | Received a gift from Trog
 60537 | Zot:2    | Killed from afar by a purple draconian

Illustrated notes

Levels and vault maps discovered:
D:1:      minmay_arrival_jagged, layout_basic, dreamdust_ecumenical_altar_grove
D:2:      layout_loops_corners, serial_undead, serial_undead_d, serial_undead_e,
          serial_undead_d, serial_undead_d, serial_undead_a, basic_altar
D:3:      layout_loops_cross, goddamned_bats
D:4:      layout_basic, minmay_temple_entry_fiery, ebering_ghost_inner_flame
D:5:      layout_loops_ring
D:6:      wad_pebble_path, layout_basic, mainiacjoe_overflow_catwalk_spiral,
          chequers_serial_rivers_micro_d, minivault_4, minmay_misc_feat_room
D:7:      layout_basic, kennysheep_mini, skrybe_limestone_x, uniq_harold
D:8:      layout_loops_ring, enter_ossuary_1, serial_shops, nicolae_shop_stone,
          chequers_garden, uniq_maggie, uniq_maurice, uniq_prince_ribbit1
D:9:      layout_irregular_city, minmay_lair_entry_grove
D:10:     layout_loops_ring, nicolae_overflow_crystal_walls, serial_shops,
          nicolae_diamond_shop, dk_rats_in_the_wall
D:11:     hangedman_screamer, layout_basic,
          kennysheep_orc_monster_closet_entryway, hive_lemuel
D:12:     layout_roguey, serial_shops, shop_statue, gammafunk_ghost_necromancy
D:13:     minmay_concentric_multi, layout_loops_corners, david_vaults_1,
          gammafunk_ghost_hive, nicolae_shop_sticking_my_neck_out
D:14:     layout_loops_cross, serial_shops, nicolae_inconvenience_store,
          serial_park_square3 [serial_park_minivault_5x5_4], uniq_louise
D:15:     hangedman_depths_entry_try_elsewhere_first, layout_irregular_city,
          good_gods_temple_1, serial_ice, serial_ice_j, serial_ice_b,
          serial_ice_a, serial_ice_m, serial_ice_h
Temple:   nicolae_temple_no_exploring_needed
Lair:1:   layout_loops_ring, serial_bayou_shore_a
Lair:2:   layout_misc_corridors
Lair:3:   layout_cave_pods, minmay_swamp_entry_swarm,
          spider_nest_entry_web_field, hellmonk_ghost_happy_afterlife,
          pf_torpor_hydra
Lair:4:   regret_index_combs_of_tragedy, layout_regular_city,
          grunt_megastairs_2, uniq_nessos
Lair:5:   nzn_winding_woodlands_stair_cross
          [nzn_winding_woodlands_5x15_split_checker,
          nzn_winding_woodlands_center_pierced_h,
          nzn_winding_woodlands_5x15_parted,
          nzn_winding_woodlands_5x5_open_star,
          nzn_winding_woodlands_5x5_checkerboard,
          nzn_winding_woodlands_5x15_sidewinder,
          nzn_winding_woodlands_center_lodge,
          nzn_winding_woodlands_5x15_jagged], layout_layer_cave,
          portal_ice_cave_entry_imps, serial_bayou_lagoon_a
Lair:6:   evil_forest, layout_regular_city, nicolae_slime_entry_slimehenge,
          serial_rivers, chequers_serial_rivers_micro_b,
          chequers_serial_rivers_large_a, chequers_serial_rivers_small_3,
          chequers_serial_rivers_micro_a
Swamp:1:  layout_basic_swamp, nicolae_swamp_bean_lake
Swamp:2:  layout_falls_marsh, evilmike_swamp_ruin_house_2
Swamp:3:  layout_falls_marsh, gammafunk_ghost_abyssal_escape,
          evilmike_swamp_ruin_house_4, roderic_carrion_pond
Swamp:4:  swamp_fiery, layout_basic_swamp, swamp_pool1,
          nicolae_swamp_some_circles, infiniplex_staircase_pool_2
Spider:1: layout_chambers, uniq_nikola
Spider:2: layout_spider_delve, hangedman_spider_tarantella_strand, uniq_asterion
Spider:3: layout_spider_delve
Spider:4: floodkiller_spider_rune_tomb, beargit_elvish_explorers, uniq_roxanne
Orc:1:    layout_diamond_mine, basic_altar, nicolae_orc_lost_temple,
          uniq_jorgrun
Orc:2:    st_orc_mages, layout_diamond_mine, serial_shops, nicolae_shop_trees,
          uniq_josephine
Elf:1:    layout_rooms, serial_shops, nicolae_diamond_shop,
          hangedman_elven_crosses_minicolossus
Elf:2:    nicolae_elf_blades_crystal_corner, layout_geoelf_grid, serial_shops,
          nicolae_square_shop
Elf:3:    elf_hall, layout_geoelf_octagon, basic_altar
Vaults:1: portal_desolation_entry_holy_temple, v_misc_19,
          vaults_standard_mumra_x, v_misc_1, vaults_mumra_minichess_inversion,
          nicolae_vaults_hallways_thing, nicolae_vaults_stairing_the_circle,
          v_misc_18, vaults_room_fours, ontoclasm_vaults_ring_square,
          ontoclasm_vaults_decontamination, grunt_vaults_hallway_long,
          vaults_dpeg_ring, layout_vaults_omnibox
Vaults:2: v_pattern_5, vaults_room_large_hall, hangedman_vaults_cutoff,
          st_cells, v_misc_17, v_misc_15, v_misc_33,
          ontoclasm_vaults_loading_screen, hangedman_vaults_stagger, v_misc_30,
          v_alt_pattern_5, nicolae_vaults_gold_heap,
          nicolae_vaults_shelves_hall, nicolae_vaults_little_squares_1,
          nicolae_vaults_theta, ontoclasm_vaults_fault, layout_vaults_maze,
          serial_shops, nicolae_diamond_shop
Vaults:3: st_cells, minmay_crypt_entry_simple_corners, v_misc_27, v_misc_26,
          vaults_mumra_hexcomb, v_alt_pattern_1,
          nicolae_vaults_windows_and_doors_thing, v_pattern_3, serial_ice_m,
          layout_vaults_omnigrid
Vaults:4: nicolae_vaults_network_s, ontoclasm_vaults_pinch,
          vaults_dpeg_encased_lava, v_misc_26, grunt_vaults_funnel,
          vaults_mumra_hex, nicolae_vaults_sealed_display,
          minmay_guarded_unrand_secular_launcher, nicolae_vaults_little_ls,
          v_alt_pattern_4, vaults_room_semicircle,
          nicolae_vaults_diagonal_hallway_6, layout_vaults_big_room, uniq_aizul,
          uniq_bai_suzhen
Vaults:5
Depths:1: layout_gridlike, serial_shops, nicolae_shop_trees,
          grunt_pan_entry_zigzag, ebering_dispersal_statue_hall,
          marbit_kobold_abyss_entry, hell_entry,
          amcnicky_mini_rare_corridor_liquid, minmay_misc_feat_enclosed,
          serial_bayou_pond_a, minmay_evil_grid, minmay_shop_grove
Depths:2: cheibrodos_quadrivalence, layout_gridville, rand_demon_pan_entry_3,
          hell_entry, serial_bayou, serial_bayou_pond_e, serial_bayou_ford_a,
          serial_bayou_shore_b, serial_bayou_lake_a, serial_bayou_shore_b,
          serial_bayou_pond_e, nzn_life_drinkers
Depths:3: hangedman_pleasuredromes, abyss_entry, hell_entry
Depths:4: grunt_zot_entry_funnels, layout_cave_pools, enter_ziggurat_d,
          serial_shops, nicolae_shop_advertising_works
          [nicolae_subvault_shop_adworks], hell_entry, abyss_entry_crystal,
          doesnt_xom_only_xom, minmay_st_funbox, nicolae_uskayaw_suspiria,
          uniq_margery
Hell
Zot:1:    layout_twisted_circle
Zot:2:    layout_onion

Skill      XL: |  1  2  3  4  5  6  7  8  9 10 11 12 13 14 15 16 17 18 19 20 21 22 23 24 25 |
---------------+----------------------------------------------------------------------------+-----
Axes           | 2 3 4 5 6 8 9 11 12 14 15 16 17 18 | 18.0
Fighting       | 4 5 6 7 8 9 11 12 13 14 15 16 18 19 20 21 22 23 25 26 | 26.6
Armour         | 4 5 6 7 8 9 11 12 13 14 15 16 18 19 20 21 22 23 25 26 | 26.6
Shields        | 4 5 6 7 8 9 11 12 13 14 15 16 18 19 20 21 22 23 25 26 | 26.6

Action                   |  1- 3 |  4- 6 |  7- 9 | 10-12 | 13-15 | 16-18 | 19-21 | 22-24 | 25-27 || total
-------------------------+-------+-------+-------+-------+-------+-------+-------+-------+-------++-------
Melee: War axe           |   111 |   161 |   266 |   568 |   842 |       |       |       |       ||  1948
       Unarmed           |       |       |       |       |    11 |       |       |       |       ||    11
       Long sword        |       |       |       |       |    71 |       |       |       |       ||    71
       Broad axe         |       |       |       |       |    41 |  1398 |  1079 |  1174 |   833 ||  4525
       Hand axe          |       |       |       |       |       |    75 |       |       |       ||    75
Invok: Berserk           |       |       |     2 |     3 |    10 |     4 |     3 |     8 |     6 ||    36
Evoke: Wand              |       |       |     4 |     5 |       |       |     1 |     1 |     1 ||    12
  Use: Scroll            |       |     2 |    11 |     8 |    10 |     5 |     3 |    12 |     8 ||    59
       Potion            |       |       |     6 |     4 |     5 |     1 |       |     1 |     3 ||    20
 Stab: Invisible         |       |       |       |    12 |     5 |     4 |       |       |       ||    21
       Confused          |       |       |       |       |       |     4 |       |       |       ||     4
Armor: Scale mail        |    55 |    22 |       |       |       |       |       |       |       ||    77
       Chain mail        |       |   147 |    49 |       |   194 |   636 |   431 |   126 |       ||  1583
       Plate armour      |       |       |    66 |   275 |   209 |       |       |       |       ||   550
       Gold dragon scale |       |       |       |       |       |       |       |   422 |   380 ||   802
Dodge: Dodged            |    49 |   156 |   171 |   359 |   360 |   337 |   256 |   272 |   147 ||  2107
Block: Buckler           |    25 |    53 |   149 |   274 |       |       |       |       |       ||   501
       Reflection        |       |       |     1 |    13 |    48 |    21 |    75 |    26 |    54 ||   238
       Kite shield       |       |       |       |   171 |   309 |       |       |       |       ||   480
       Other             |       |       |       |       |     2 |       |       |       |       ||     2
       Tower shield      |       |       |       |       |   818 |  1805 |  1321 |  1454 |  1026 ||  6424
       Rpst.: Broad axe  |       |       |       |       |       |    32 |    46 |    18 |    16 ||   112
       Hand axe          |       |       |       |       |       |     1 |       |       |       ||     1
